 Dungeon Crawl Stone Soup version 0.30.1-11-g7821555f0a (webtiles) character file.

Game seed: 18424114028128301879

4909 Ekaitz the Zephyrmancer (level 10, -3/59 HPs)
             Began as a Tengu Air Elementalist on Dec 22, 2023.
             Was a Believer of Vehumet.
             Shot with an arrow by a centaur (7 damage)
             ... on level 9 of the Dungeon.
             The game lasted 00:20:03 (9338 turns).

Ekaitz the Zephyrmancer (Tengu Air Elementalist)    Turns: 9338, Time: 00:20:04

Health: -3/59      AC:  6    Str:  9    XL:     10   Next: 51%
Magic:  4/29       EV: 17    Int: 20    God:    Vehumet [**....]
Gold:   502        SH:  0    Dex: 14    Spells: 8/21 levels left

rFire   . . .        g - staff of air
rCold   . . .        (no shield)
rNeg    + . .        a - +0 steam dragon scales
rPois   .            (helmet restricted)
rElec   +            u - +0 cloak
rCorr   .            (no gloves)
SInv    .            (boots unavailable)
Will    .....        (no amulet)
Stlth   +++          f - ring of magical power
HPRegen 0.29/turn    M - ring of positive energy
MPRegen 0.21/turn

%: no passive effects
@: flying quickly and evasively, quick
A: beak, talons 3, nimble flight
a: Renounce Religion


You were on level 9 of the Dungeon.
You worshipped Vehumet.
Vehumet was pleased with you.
You visited 2 branches of the dungeon, and saw 10 of its levels.
You also visited: Sewer.

You collected 502 gold pieces.

Inventory:

Hand Weapons
 d - a +0 dagger of venom
 F - a +2 antimagic spear
 I - a +2 sling of freezing
 K - a +2 dagger of electrocution
Missiles
 k - 23 poisoned darts
 w - 3 javelins
 R - 6 atropa-tipped darts
Armour
 a - +0 steam dragon scales (worn)
 u - a +0 cloak (worn)
Magical Staves
 g - a staff of air (weapon)
Jewellery
 f - a ring of magical power (left hand)
 j - a +6 ring of dexterity
 l - a ring of protection from cold
 n - a ring of positive energy
 v - an amulet of faith
 y - a ring of protection from cold
 B - a ring of poison resistance
 C - a +6 ring of strength
 M - a ring of positive energy (right hand)
 S - a ring of ice
Wands
 q - a wand of roots (13)
 A - a wand of flame (15)
 D - a wand of charming (12)
 E - a wand of mindburst (27)
 O - a wand of digging (6)
Scrolls
 c - 10 scrolls of identify {unknown}
 o - a scroll of butterflies {unknown}
 s - a scroll of enchant armour {unknown}
 t - 3 scrolls of teleportation {unknown}
 x - a scroll of acquirement {unknown}
 z - a scroll of torment {unknown}
 H - 2 scrolls of noise {unknown}
 J - a scroll of fog {unknown}
 L - a scroll of amnesia {unknown}
 N - a scroll of silence {unknown}
 P - a scroll of magic mapping {unknown}
 Q - a scroll of blinking {unknown}
Potions
 b - 2 potions of magic
 e - a potion of resistance {unknown}
 h - 3 potions of heal wounds
 i - 3 potions of curing
 m - 2 potions of brilliance {unknown}
 p - a potion of haste {unknown}
 r - 3 potions of flight
 G - a potion of cancellation {unknown}


   Skills:
 * Level 5.1 Fighting
 + Level 1.1 Short Blades
 * Level 6.5 Dodging
 + Level 4.1 Stealth
 + Level 6.2 Spellcasting
 * Level 8.0 Conjurations
 * Level 12.1 Air Magic
 + Level 0.1 Poison Magic


You had 8 spell levels left.
You knew the following spells:

 Your Spells              Type           Power      Damage    Failure   Level
a - Shock                 Conj/Air       100%       1d9       1%          1
b - Static Discharge      Conj/Air       100%       2-7/arc   1%          2
c - Swiftness             Air            70%        N/A       1%          3
d - Airstrike             Air            35%        2d(5-21)  1%          4
e - Mephitic Cloud        Conj/Pois/Air  50%        N/A       1%          3

Your spell library contained the following spells:

 Spells                   Type           Power      Damage    Failure   Level
 Frozen Ramparts          Ice            12%        1d2       30%         3
 Magic Dart               Conj           100%       1d8       1%          1
 Call Imp                 Summ           12%        N/A       16%         2
 Sticky Flame             Conj/Fire      22%        2d4       19%         4
 Ignite Poison            Fire/Tmut/Pois 6%         N/A       30%         3
 Ignition                 Fire           3%         3d4       100%        8


Dungeon Overview and Level Annotations

Branches:
Dungeon (9/15)             Temple (1/1) D:4           Sewer (visited)
   Lair: D:8-11         Orc: D:9-12

Altars:
Dithmenos
Elyvilon
Fedhas
Gozag
Hepliaklqana
Kikubaaqudgha
Makhleb
Okawaru
Qazlal
Ru
Sif Muna
Trog
Uskayaw
Vehumet
Wu Jian
Xom
Yredelemnul
Zin
The Shining One


Innate Abilities, Weirdness & Mutations

You have a beak for a mouth.
You have claws for feet.
Your magical nature lets you fly swiftly and evasively.


Message History

Your Air Magic skill increases to level 12!
Unknown command.
Casting: Static Discharge (safe; 1% risk of failure)
Confirm with . or Enter, or press ? or * to list all spells.
You feel a surge of power!
The yak is struck by an arc of lightning.
The yak is moderately wounded.
The steam dragon is struck by an arc of lightning!
The steam dragon is moderately wounded.
The yak is struck by an arc of lightning.
The yak is heavily wounded.
The yak is struck by an arc of lightning.
The yak is moderately wounded.
The lightning grounds out.
The centaur shoots an arrow.
The arrow hits you. The steam dragon breathes steam at you.
The ball of steam hits you! You resist. The yak misses you.
The yak completely misses the yak.
The yak is engulfed in noxious fumes.
The yak appears confused.
The centaur shoots an arrow.
The arrow barely misses you.
Unknown command.
The yak barely misses you.
The yak gores the steam dragon!
Unknown command.
The centaur shoots an arrow.
The arrow hits you!
The yak is engulfed in noxious fumes.
You see here 19 gold pieces.
You now have 502 gold pieces (gained 19).
The centaur shoots an arrow.
The arrow hits you!
The yak gores the yak!
The yak gores you but does no damage. The steam dragon bites you.
The steam dragon completely misses you.
The centaur shoots an arrow.
The arrow hits you.
The centaur shoots an arrow.
The arrow hits you.
* * * LOW HITPOINT WARNING * * *
The centaur shoots an arrow.
The arrow closely misses you. The steam dragon breathes steam at you.
The ball of steam hits you. You resist.
* * * LOW HITPOINT WARNING * * *
The centaur shoots an arrow.
The arrow hits you!
* * * LOW HITPOINT WARNING * * *
The centaur shoots an arrow.
The arrow hits you!
You die...

## #.# ###.# ### ####..# #.#
#######....## ##)#
#..§§.§.....#####. #..###
#...@§§Y.......... .....##
##.##.§§§.D..†......
.###..#####..###..§§§..†......
..####......###.......Y...Y...
#.# ##......###..............
♣~# #..##..#................
♣♣ #..###..................
#..##..........c........ ♣
#.....##................


You could see a centaur.

Vanquished Creatures
  A wraith (D:9)
  7 yaks
  3 steam dragons
  Duvessa (D:7)
  A water moccasin (D:5)
  An ice beast (D:6)
  2 sky beasts (D:6)
  4 centaurs
  A phantom (D:4)
  A kobold brigand (Sewer)
  7 bullfrogs
  3 scorpions
  4 wights (D:9)
  Dowan (D:7)
  6 killer bees (D:8)
  3 electric eels (D:9)
  4 howler monkeys
  A jelly (D:6)
  Crazy Yiuf (D:3)
  A hound (D:6)
  3 orc priests
  2 gnoll boudas
  6 iguanas
  2 sleepcaps (D:5)
  Ijyb (D:5)
  Natasha (thrice) (D:3)
  2 orc wizards
  Terence (D:3)
  The ghost of JAYSQUAD5 the Poker, a weakling GnRe (D:3)
  Robin (D:2)
  12 gnolls
  4 adders
  4 river rats
  2 shadow imps (D:5)
  2 white imps (D:6)
  5 ufetubi
  A dart slug (D:1)
  15 orcs
  7 bats
  4 endoplasms
  6 giant cockroaches
  12 goblins
  11 hobgoblins
  2 jackals (Sewer)
  11 quokkas
  8 ball pythons
  2 frilled lizards
  10 kobolds
  12 rats
205 creatures vanquished.

Notes
Turn   | Place    | Note
-------+----------+-------------------------------------------
     0 | D:1      | Ekaitz the Tengu Air Elementalist began the quest for the
                  | Orb.
     0 | D:1      | Reached XP level 1. HP: 10/10 MP: 4/4
   159 | D:1      | Reached XP level 2. HP: 15/15 MP: 1/6
   349 | D:1      | Learned a level 2 spell: Static Discharge
   689 | D:1      | Reached XP level 3. HP: 19/19 MP: 7/7
   693 | D:1      | Learned a level 3 spell: Swiftness
  1263 | D:2      | Reached skill level 5 in Air Magic
  1279 | D:2      | Noticed Robin
  1284 | D:2      | Killed Robin
  1285 | D:2      | Reached XP level 4. HP: 11/24 MP: 8/8
  1485 | D:2      | You fall into a shaft and drop 1 floor!
  1539 | D:3      | Noticed Terence
  1553 | D:3      | Killed Terence
  1813 | D:3      | Reached skill level 1 in Fighting
  1813 | D:3      | Gained mutation: Your magical nature lets you fly swiftly
                  | and evasively. [Tengu growth]
  1813 | D:3      | Reached XP level 5. HP: 17/29 MP: 9/9
  1888 | D:3      | Found a sacrificial altar of Ru.
  1989 | D:3      | Found a runed translucent door.
  1990 | D:3      | Noticed Crazy Yiuf
  2133 | D:3      | Found an ancient bone altar of Kikubaaqudgha.
  2213 | D:3      | Noticed Natasha
  2215 | D:3      | Killed Natasha
  2338 | D:3      | Found a large runed translucent door.
  2339 | D:3      | Found a large runed translucent door.
  2342 | D:3      | Noticed JAYSQUAD5's ghost (weakling GnRe)
  2387 | D:3      | Killed JAYSQUAD5's ghost
  2504 | D:3      | Noticed Natasha
  2513 | D:3      | Killed Natasha
  2514 | D:3      | Reached XP level 6. HP: 16/34 MP: 9/11
  2523 | D:3      | Noticed Natasha
  2539 | D:3      | Killed Natasha
  3296 | D:3      | Killed Crazy Yiuf
  3297 | D:3      | Reached skill level 6 in Air Magic
  3444 | D:4      | Reached XP level 7. HP: 32/39 MP: 12/12
  3449 | D:4      | Learned a level 4 spell: Airstrike
  3512 | D:4      | Found a blossoming altar of Fedhas.
  3691 | D:4      | Found a staircase to the Ecumenical Temple.
  3698 | Temple   | Entered the Ecumenical Temple
  3938 | Temple   | Became a worshipper of Vehumet
  4033 | D:4      | Reached skill level 5 in Conjurations
  4655 | D:5      | Entered Level 5 of the Dungeon
  4941 | D:5      | Reached skill level 7 in Air Magic
  5036 | D:5      | Noticed Ijyb
  5075 | D:5      | Reached XP level 8. HP: 45/45 MP: 13/14
  5392 | D:5      | Killed Ijyb
  5867 | D:6      | Reached * piety under Vehumet
  5867 | D:6      | Offered knowledge of Freeze by Vehumet.
  5868 | D:6      | Reached skill level 8 in Air Magic
  6076 | D:6      | Reached skill level 1 in Short Blades
  6369 | D:6      | Found a glowing drain.
  6376 | Sewer    | Entered a sewer
  6503 | Sewer    | Reached XP level 9. HP: 47/51 MP: 15/16
  6521 | Sewer    | Found a white marble altar of Elyvilon.
  6961 | D:7      | Noticed Duvessa
  6961 | D:7      | Noticed Dowan
  6966 | D:7      | Killed Duvessa
  6967 | D:7      | Reached skill level 5 in Dodging
  6967 | D:7      | Reached skill level 9 in Air Magic
  6968 | D:7      | Killed Dowan
  7189 | D:7      | Offered knowledge of Scorch by Vehumet.
  7314 | D:7      | Reached ** piety under Vehumet
  7693 | D:8      | Reached skill level 5 in Spellcasting
  7725 | D:7      | Learned a level 3 spell: Mephitic Cloud
  7753 | D:8      | Reached skill level 10 in Air Magic
  8357 | D:8      | Found a shadowy altar of Dithmenos.
  8370 | D:8      | Reached skill level 11 in Air Magic
  8370 | D:8      | Reached XP level 10. HP: 58/58 MP: 16/19
  8384 | D:8      | Found a hazy altar of Hepliaklqana.
  8549 | D:8      | Offered knowledge of Frozen Ramparts by Vehumet.
  9255 | D:9      | Reached skill level 5 in Fighting
  9330 | D:9      | Reached skill level 12 in Air Magic
  9338 | D:9      | Shot with an arrow by a centaur

Illustrated notes

Levels and vault maps discovered:
D:1:      mainiacjoe_arrival_reflecting_pool, layout_loops_cross, minmay_tall_x
D:2:      layout_loops_ring, hex_large, uniq_robin
D:3:      layout_basic, hangedman_ru_absence,
          mainiacjoe_overflow_surrounded_room, ebering_ghost_disaster_area,
          minmay_cut_off, uniq_crazy_yiuf_cottage, uniq_terence, uniq_natasha
D:4:      layout_loops_ring, amcnicky_altar_gilded,
          minmay_temple_entry_gardened_gates, kennysheep_generic_room_12
D:5:      layout_loops_corners, uniq_ijyb
D:6:      layout_loops_ring, gup_sewer_entry_bubbles
D:7:      layout_basic, uniq_duvessa
D:8:      layout_cave_pools, riverfiend_overflow_shadow_ancestor
D:9:      layout_layer_cave, lemuel_round_altar, slow_altar_2,
          nemelex_xobeh_ov_fountains_minmay, lair_entry_dummy,
          gammafunk_ghost_stat_death, serial_bayou, serial_bayou_lake_a,
          serial_bayou_pond_a, serial_bayou_pond_e, serial_bayou_lagoon_a,
          nicolae_lava_and_water
Temple:   eino_temple_water

Skill      XL: |  1  2  3  4  5  6  7  8  9 10 |
---------------+-------------------------------+-----
Conjurations   | 2 3 4 5 6 7 8 |  8.0
Air Magic      | 5 6 7 8 11 12 | 12.1
Dodging        | 3 4 5 6 |  6.5
Fighting       | 1 2 3 4 5 |  5.1
Spellcasting   | 3 4 5 6 |  6.2
Stealth        | 3 4 |  4.1
Short Blades   | 1 |  1.1
Poison Magic   | |  0.1

Action                     |  1- 3 |  4- 6 |  7- 9 | 10-12 || total
---------------------------+-------+-------+-------+-------++-------
  Melee: Dagger            |     8 |    12 |    46 |     9 ||    75
         Peck              |     1 |     4 |    15 |     3 ||    23
         Kick              |     1 |     3 |    11 |     4 ||    19
         Unarmed           |     1 |       |       |       ||     1
   Cast: Shock             |    56 |    82 |    64 |     1 ||   203
         Static Discharge  |     2 |    14 |    37 |    14 ||    67
         Airstrike         |       |       |    57 |    18 ||    75
         Mephitic Cloud    |       |       |     4 |     3 ||     7
   Stab: Sleeping          |     5 |     3 |    11 |       ||    19
         Distracted        |     1 |       |       |       ||     1
         Confused          |       |       |       |     1 ||     1
 Armour: Robe              |     1 |     6 |     4 |       ||    11
         Steam dragon scal |       |       |       |     3 ||     3
  Dodge: Dodged            |     7 |    24 |    76 |    19 ||   126
